 Dungeon Crawl Stone Soup version 0.28.0 (webtiles) character file.

Game seed: 14717963451814321876

40 AmazingTV the Sneak (level 3, 0/18 HPs)
             Began as a Spriggan Brigand on June 29, 2022.
             Slain by an adder (3 damage)
             ... on level 2 of the Dungeon.
             The game lasted 00:04:31 (1945 turns).

AmazingTV the Sneak (Spriggan Brigand)              Turns: 1945, Time: 00:04:32

Health: 0/18       AC:  3    Str:  7    XL:     3   Next: 30%
Magic:  4/4        EV: 16    Int: 12    God:
Gold:   33         SH:  0    Dex: 18    Spells: 2/2 levels left

rFire   . . .      SeeInvis +   a - +2 dagger
rCold   . . .      Faith    .   (no shield)
rNeg    . . .      Spirit   .   b - +0 robe
rPois   .          Reflect  .   (helmet restricted)
rElec   .          Harm     .   c - +0 cloak
rCorr   .          Rampage  .   (gloves unavailable)
Will    .....                   (boots unavailable)
Stlth   +++.......              (no amulet)
HPRegen 0.06/turn               (no ring)
MPRegen 0.09/turn               (no ring)

@: lethally poisoned (0 -> -8), very quick
A: very small, no large weapons, unfitting armour, see invisible, speed 3
a: no special abilities


You were on level 2 of the Dungeon.
You visited 1 branch of the dungeon, and saw 2 of its levels.

You collected 33 gold pieces.

Inventory:

Hand Weapons
 a - a +2 dagger (weapon)
 f - a +0 hunting sling
Missiles
 d - 8 poisoned darts (quivered)
 e - 2 curare-tipped darts
Armour
 b - a +0 robe (worn)
 c - a +0 cloak (worn)
Scrolls
 g - a scroll of enchant armour {unknown}
 h - a scroll of silence {unknown}
 j - a scroll of blinking {unknown}
 k - a scroll of teleportation {unknown}
Potions
 i - a potion of haste {unknown}


   Skills:
 - Level 1.5 Fighting
 + Level 2.7 Short Blades
 + Level 1.6(2.5) Slings
 + Level 2.5(2.7) Throwing
 - Level 1.3 Dodging
 + Level 6.4 Stealth


You had 2 spell levels left.
You didn't know any spells.
Your spell library contained the following spells:

 Spells                   Type           Power      Damage    Failure   Level
 Static Discharge         Conj/Air       0%         N/A       45%         2
 Dispel Undead            Necr           0%         3d6       97%         4
 Sticky Flame             Conj/Fire      0%         2d3       97%         4


Dungeon Overview and Level Annotations

Branches:
Dungeon (2/15)

Altars:

Shops:
D:2 ?


Innate Abilities, Weirdness & Mutations

You are very small and have problems with some larger weapons.
You are too small for most types of armour.
You have supernaturally acute eyesight. (SInv)
You cover ground extremely quickly. (Speed+++)


Message History

The quokka is severely wounded.
The quokka closely misses you.
You closely miss the quokka.
The quokka is severely wounded.
The quokka misses you.
You hit the quokka.
You kill the quokka!
You completely miss the adder. The adder misses you.
You hit the adder.
The adder is moderately wounded.
The adder closely misses you.
You hit the adder but do no damage.
The adder is moderately wounded.
The adder barely misses you.
You closely miss the adder.
The adder is moderately wounded.
The adder barely misses you.
You hit the adder.
The adder is heavily wounded.
The adder bites you.
You are poisoned.
The adder poisons you!
You hit the adder.
The adder is severely wounded.
You feel sick. The adder closely misses you.
You barely miss the adder.
The adder is severely wounded.
The adder barely misses you. The adder bites you.
You are lethally poisoned!
The adder poisons you!
You barely miss the adder.
The adder is severely wounded.
You feel very sick. The adder bites you.
* * * LOW HITPOINT WARNING * * *
You closely miss the adder.
The adder is severely wounded.
* * * LOW HITPOINT WARNING * * *
You feel sick. The adder bites you.
You die...

..†.....#####.###
................#
................#
................#
.............)..#
................#
#####........#..#
###.......S###
#####.∩.#@.#
#...#### #.#.#
#.... ######


You could see an adder.

Vanquished Creatures
  5 dart slugs
  4 bats
  3 endoplasms (D:1)
  A giant cockroach (D:1)
  4 goblins
  A hobgoblin (D:1)
  3 quokkas (D:2)
  5 ball pythons
  A rat (D:1)
27 creatures vanquished.

Notes
Turn   | Place    | Note
-------+----------+-------------------------------------------
     0 | D:1      | AmazingTV the Spriggan Brigand began the quest for the Orb.
     0 | D:1      | Reached XP level 1. HP: 10/10 MP: 2/2
    97 | D:1      | Reached skill level 6 in Stealth
   220 | D:1      | Reached XP level 2. HP: 3/14 MP: 3/3
   377 | D:1      | Reached skill level 1 in Slings
  1126 | D:1      | Reached XP level 3. HP: 17/18 MP: 4/4
  1265 | D:2      | Found a faded altar of an unknown god.
  1471 | D:2      | Found Yrugeoc's Magic Scroll Shoppe.
  1945 | D:2      | Slain by an adder

Illustrated notes

Levels and vault maps discovered:
D:1:      ncdulo_watergridlock, layout_basic, feat_on_display
D:2:      layout_basic, hellmonk_ecumenical_altar_crossroads, serial_shops,
          nicolae_shop_stone, kennysheep_generic_room_12,
          uniq_crazy_yiuf_cottage

Skill      XL: |  1  2 |
---------------+-------+-----
Stealth        | 6 |  6.4
Slings         | 1 |  1.6
Fighting       | |  1.5
Short Blades   | |  2.7
Throwing       | |  2.5
Dodging        | |  1.3

Action                   || total
-------------------------++-------
Melee: Dagger            ||   128
 Stab: Sleeping          ||     7
Armor: Robe              ||    24
Dodge: Dodged            ||    71
